 Dungeon Crawl Stone Soup version 0.26.1-11-gd32895ea62 (webtiles) character file.

Game seed: 3606403555978632659

18 Acheron the Skirmisher (level 2, 0/23 HPs)
             Began as a Merfolk Wanderer on July 4, 2021.
             Slain by an ooze (5 damage)
             ... on level 1 of the Dungeon.
             The game lasted 00:02:06 (375 turns).

Acheron the Skirmisher (Merfolk Wanderer)            Turns: 375, Time: 00:02:06

Health: 0/23       AC:  2    Str: 12    XL:     2   Next: 66%
Magic:  3/3        EV: 11    Int: 10    God:
Gold:   49         SH:  0    Dex: 14    Spells: 2/3 levels left

rFire    . . .     SeeInvis .   a - +2 dagger
rCold    . . .     Faith    .   (no shield)
rNeg     . . .     Spirit   .   e - +0 robe
rPois    .         Reflect  .   (no helmet)
rElec    .         Harm     .   (no cloak)
rCorr    .         Rampage  .   (no gloves)
Will     .....                  (no boots)
Stlth    ++........             (no amulet)
HPRegen  0.07/turn              (no ring)
MPRegen  0.08/turn              (no ring)

@: no status effects
A: change form in water, swift swim, stealthy swim
a: no special abilities


You were on level 1 of the Dungeon.
You visited 1 branch of the dungeon, and saw 1 of its levels.

You collected 49 gold pieces.

Inventory:

Hand Weapons
 a - a +2 dagger (weapon)
Armour
 e - a +0 robe (worn)
Scrolls
 c - a scroll of magic mapping {unknown}
 f - 2 scrolls of identify {unknown}
 g - 2 scrolls of remove curse {unknown}
 h - a scroll of immolation {unknown}
Potions
 b - a potion of haste
 d - 2 potions of curing
 i - a potion of mutation {unknown}
 j - a potion of attraction {unknown}


   Skills:
 + Level 2.4 Fighting
 * Level 0.2 Short Blades
 + Level 1.0 Axes
 + Level 1.5 Armour
 * Level 1.3 Stealth
 + Level 1.0 Shields
 * Level 1.2 Spellcasting
 * Level 1.1 Summonings
 + Level 1.6 Translocations


You had 2 spell levels left.
You knew the following spells:

 Your Spells              Type           Power        Failure   Level
a - Summon Small Mammal   Summ           8%           22%         1

Your spell library contained the following spells:

 Spells                   Type           Power        Failure   Level
 Summon Guardian Golem    Hex/Summ       1%           63%         3


Dungeon Overview and Level Annotations

Branches:
Dungeon (1/15)

Altars:


Message History

You hit the rat but do no damage. The rat bites you.
You hit the rat but do no damage. The rat closely misses you.
You hit the rat.
The rat is heavily wounded.
The rat bites you but does no damage.
You closely miss the rat.
The rat is heavily wounded.
The rat closely misses you.
You hit the rat.
You kill the rat!
The ooze hits you.
You barely miss the goblin. The goblin hits you with a +0 club.
The ooze hits you.
* * * LOW HITPOINT WARNING * * *
You hit the ooze.
The ooze is moderately wounded.
The goblin hits you but does no damage. The ooze hits you.
* * * LOW HITPOINT WARNING * * *
The ooze hits you.
You die...

.............. #. ....
.###..........##.#...
†.).................#
####................# #
.......?........#
####................#
........)......##†$#
#########.....##Jg.#####
## ##.......)@......#
.######.......##.......#
..............##.......#
........)..............#
..#....................#
.....###########.......#
)...## ######### ...##
.###


You could see an ooze and a goblin.

Vanquished Creatures
  A dart slug (D:1)
  3 goblins (D:1)
  3 hobgoblins (D:1)
  A kobold (D:1)
  3 bats (D:1)
  A frilled lizard (D:1)
  3 rats (D:1)
15 creatures vanquished.

Notes
Turn   | Place    | Note
-------+----------+-------------------------------------------
     0 | D:1      | Acheron the Merfolk Wanderer began the quest for the Orb.
     0 | D:1      | Acheron set off with the following items: a +2 dagger, a
                  | potion of haste, a potion of curing, a +0 robe; and the
                  | following spell memorised: Summon Small Mammal; and the
                  | following spells available to memorise: Summon Guardian
                  | Golem
     0 | D:1      | Reached XP level 1. HP: 16/16 MP: 2/2
   223 | D:1      | Reached skill level 1 in Summonings
   226 | D:1      | Reached XP level 2. HP: 19/23 MP: 3/3
   375 | D:1      | Slain by an ooze

Illustrated notes

Levels and vault maps discovered:
D:1:      wander_arrival_desolate, layout_rooms

Skill      XL: |  1 |
---------------+----+-----
Summonings     | 1 |  1.1
Fighting       | |  2.4
Short Blades   | |  0.2
Axes           | |  1.0
Armour         | |  1.5
Stealth        | |  1.3
Shields        | |  1.0
Spellcasting   | |  1.2
Translocations | |  1.6

Action                   || total
-------------------------++-------
Melee: Dagger            ||    44
Armor: Robe              ||     8
Dodge: Dodged            ||    24
